[Event "*** Titled Tuesday Blitz"]
[Site "Chess.com"]
[Date "2021.02.09"]
[Round "11"]
[White "ridnani2021"]
[Black "chesslh19"]
[Result "1/2-1/2"]
[WhiteElo "2332"]
[BlackElo "2241"]
[TimeControl "180+1"]
[EndTime "12:07:19 PST"]
[Termination "Game drawn by stalemate"]

1. e4 e5 2. Nf3 Nf6 3. Nxe5 d6 4. Nf3 Nxe4 5. Nc3 Nxc3 6. dxc3 Be7 7. Be3 Nc6 8. Qd2 Be6 9. O-O-O Qd7 10. Kb1 Bf6 11. Nd4 Nxd4 12. Bxd4 Bxd4 13. Qxd4 f6 14. Bd3 c5 15.
Qe4 O-O-O 16. Qf4 Qc7 17. Rhe1 Bf7 18. c4 Bg6 19. Bxg6 hxg6 20. Qg4+ Kb8 21. Qxg6 Rxh2 22. Re8 Rh8 23. Rxd8+ Rxd8 24. Re1 a6 25. b3 Ka7 26.
Qf5 Qd7 27. Qxd7 Rxd7 28. Kc1 Kb6 29. g3 Kc6 30. Re8 Rf7 31. Kd2 Kd7 32. Rb8 Kc7 33. Re8 Kd7 34. Re3 Re7 35. Rxe7+ Kxe7 36. Kd3 Ke6 37. Ke4 f5+ 38. Kf4 Kf6 39. g4 g5+ 40. Kf3 Ke5 41. gxf5 Kxf5 42. c3 g4+ 43. Kg3 Kg5 44.
f3 gxf3 45. Kxf3 Kf5 46. Ke3 Ke5 47. Kf3 Kf5 48. b4 b6 49. Ke3 Ke5 50. a3 d5 51.
cxd5 Kxd5 52. Kd3 cxb4 53. cxb4 b5 54. Kc3 Ke4 55. Kb3 Kd4 56. a4 Kd3 57. axb5 axb5 58. Ka3 Kc4 59. Ka2 Kc3 60. Ka3 Kc4 61. Ka2 Kxb4 62. Kb2 Kc4 63. Kc2 b4 64. Kb2 b3 65.
Kb1 Kb4 66. Kb2 Kc4 67. Kb1 Kb5 68. Kb2 Ka4 69. Kb1 Ka3 70. Ka1 b2+ 71. Kb1 Kb3 1/2-1/2

[Event "*** Titled Tuesday Blitz"]
[Site "Chess.com"]
[Date "2021.02.09"]
[Round "11"]
[White "kuban1991"]
[Black "Onischuk_V"]
[Result "0-1"]
[WhiteElo "2894"]
[BlackElo "2862"]
[TimeControl "180+1"]
[EndTime "12:07:20 PST"]
[Termination "Onischuk_V won on time"]

1. Nf3 g6 2. d4 Bg7 3. e4 d6 4. Nc3 Nf6 5. Bg5 O-O 6. Qd2 Bg4 7. O-O-O Bxf3 8. gxf3 Nc6 9. h4 h5 10. Be2 e5 11.
dxe5 dxe5 12. Qxd8 Rfxd8 13. Nd5 Nxd5 14. exd5 Nd4 15. Bxd8 Rxd8 16. Bd3 Bh6+ 17. Kb1 Nxf3 18. c4 f5 19. Rh3 e4 20. Be2 Ne5 21. Rg3 Kf7 22. b4 Kf6 23. b5 Bf8 24. Kc2 Bc5 25.
f3 exf3 26. Bxf3 Nxc4 27. Kb3 Nd6 28. a4 Bf2 29. Rh3 Re8 30. Bg2 b6 31. Rd2 Bc5 32.
Bf1 Re1 33. Bd3 Ne4 34. Bxe4 Rxe4 35. Rg2 Bd6 36. Rc3 Rb4+ 37. Kc2 Rxa4 38. Re2 Rxh4 39. Re6+ Kg5 40. Rd3 Rh2+ 41. Kb3 h4 42. Rde3 Rg2 43.
Re8 Rg3 44. Kc4 Rxe3 45. Rxe3 Kg4 0-1

[Event "*** Titled Tuesday Blitz"]
[Site "Chess.com"]
[Date "2021.02.09"]
[Round "11"]
[White "Supernotar"]
[Black "Chesswizard_2007"]
[Result "1-0"]
[WhiteElo "2810"]
[BlackElo "2677"]
[TimeControl "180+1"]
[EndTime "12:07:21 PST"]
[Termination "Supernotar won on time"]

1. d4 Nf6 2. c4 g6 3. Nc3 Bg7 4. e4 O-O 5. Be2 d6 6. Nf3 e5 7. O-O Nc6 8. d5 Ne7 9. Ne1 Ne8 10. Be3 f5 11. f3 f4 12. Bf2 g5 13. c5 h5 14. a4 Rf6 15. a5 Rg6 16. cxd6 Nxd6 17.
Nd3 g4 18. Bh4 Qe8 19. Nc5 Qf7 20. Qb3 Bf6 21. Bxf6 Qxf6 22. Nb5 g3 23. h3 Qh4 24. Ne6 Nxb5 25. Qxb5 c6 26. Qc5 cxd5 27. exd5 Qf6 28. Bc4 Bxe6 29. dxe6 Rc8 30. Qxc8+ Kg7 31. Qe8 e4 32.
Qf7+ Qxf7 33. exf7 e3 34. Rfd1 Nc6 35. a6 b6 36. Rac1 Rg5 37. Ba2 Ra5 38. Rxc6 Rxa2 39. Rc4 Rxb2 40. Rxf4 e2 41. f8=Q+ Kg6 42. Qf7+ Kh6 43.
Rd6+ 1-0

[Event "*** Titled Tuesday Blitz"]
[Site "Chess.com"]
[Date "2021.02.09"]
[Round "11"]
[White "Manukyan_Artak"]
[Black "Atco84"]
[Result "0-1"]
[WhiteElo "2351"]
[BlackElo "2476"]
[TimeControl "180+1"]
[EndTime "12:07:22 PST"]
[Termination "Atco84 won by checkmate"]

1. e4 c5 2. Nf3 d6 3. Bb5+ Nd7 4. O-O a6 5. Bd3 e5 6. c3 g6 7. a4 Bg7 8. Bc2 Ne7 9. d4 O-O 10. d5 b6 11. Na3 h6 12. Nc4 Qc7 13. Qe2 f5 14.
Nfd2 Rb8 15. f3 Nf6 16. a5 b5 17. Nb6 f4 18. c4 b4 19. Ba4 g5 20. g4 fxg3 21.
hxg3 Bh3 22. Rf2 Ng6 23. g4 Nf4 24. Qe3 h5 25. gxh5 Bh6 26. Nf1 N6xh5 27. Rh2 Qg7 28. Kh1 Rf7 29. Qg1 Rbf8 30. Bxf4 Nxf4 31. Ne3 Qg6 32. Ng4 Rh7 33. Bd7 Kg7 34. Qg3 Kh8 35. Rxh3 Nxh3 36. Bf5 Rxf5 37. exf5 Qxf5 38. Nc8 Bf8 39.
Kg2 Nf4+ 40. Kf1 Rh1+ 41. Kf2 Qc2+ 42. Ke3 Qe2# 0-1

[Event "*** Titled Tuesday Blitz"]
[Site "Chess.com"]
[Date "2021.02.09"]
[Round "11"]
[White "FlySooHigh"]
[Black "lucachess49"]
[Result "1-0"]
[WhiteElo "2599"]
[BlackElo "2368"]
[TimeControl "180+1"]
[EndTime "12:07:23 PST"]
[Termination "FlySooHigh won on time"]

1. e4 e5 2. Nf3 Nc6 3. Bc4 Nf6 4. d3 Be7 5. O-O O-O 6. c3 d6 7. Bb3 Na5 8. Bc2 c5 9. d4 Qc7 10. h3 b5 11. d5 c4 12. b4 cxb3 13. axb3 Bd7 14.
Bb2 Nb7 15. b4 a5 16. Bd3 axb4 17. Rxa8 Rxa8 18. cxb4 Nh5 19. Nc3 Nf4 20. Re1 Qb6 21. Bf1 g5 22. Qb3 g4 23. hxg4 Bxg4 24. Nh2 Bd7 25. Bc1 Bh4 26. Be3 Qd8 27. g3 Qg5 28. Nf3 Qg4 29. Nxh4 Kh8 30. Kh2 Rg8 31. Qd1 Qg5 32.
Ne2 1-0

[Event "*** Titled Tuesday Blitz"]
[Site "Chess.com"]
[Date "2021.02.09"]
[Round "11"]
[White "Xeniya2005"]
[Black "tan275"]
[Result "1-0"]
[WhiteElo "2354"]
[BlackElo "2248"]
[TimeControl "180+1"]
[EndTime "12:07:24 PST"]
[Termination "Xeniya2005 won by resignation"]

1. e4 c5 2. Nf3 g6 3. d4 cxd4 4. Qxd4 Nf6 5. Nc3 Nc6 6. Qd2 Bg7 7. Bd3 d6 8. b3 Bg4 9. Bb2 h5 10. O-O-O Bh6 11. Ng5 Bxd1 12. Rxd1 Qd7 13. f4 O-O-O 14.
Nxf7 Rdf8 15. Nxh8 Nxe4 16. Nxe4 Bxf4 17. Nxg6 Bxd2+ 18. Rxd2 Rg8 19. Nf4 h4 20. Bc4 d5 21.
Bxd5 Qc7 22. Be6+ Kb8 23. Nd5 Qxh2 24. Bxg8 Qg1+ 25. Rd1 Qxg2 26. Bh7 h3 27. Nf4 Qg4 28.
Nd3 Qh5 29. Bg8 h2 30. Ndf2 Nb4 31. a3 Na2+ 32. Kd2 Qg5+ 33. Nxg5 1-0

[Event "*** Titled Tuesday Blitz"]
[Site "Chess.com"]
[Date "2021.02.09"]
[Round "11"]
[White "Sanyura"]
[Black "GadimbayliA"]
[Result "0-1"]
[WhiteElo "2652"]
[BlackElo "2844"]
[TimeControl "180+1"]
[EndTime "12:07:25 PST"]
[Termination "GadimbayliA won by resignation"]

1. e4 e5 2. Nf3 d5 3. Qe2 Nf6 4. Nc3 d4 5. Nd5 Nxd5 6. exd5 Bd6 7. Qb5+ c6 8. Qb3 O-O 9. Be2 Nd7 10. a4 Nc5 11. Qa2 cxd5 12. b4 Na6 13. c3 d3 14.
Bf1 Nc7 15. g3 e4 16. Nd4 Ne6 17. Nf5 Be5 18. Bg2 Ng5 19. Ne3 Be6 20. Qb1 d4 21. cxd4 Qxd4 22. Ra3 Rac8 23. O-O Rc7 24. Nd1 Rc2 25. Rc3 Rc8 26. Bb2 Qxb4 27. Rxc8+ Bxc8 28. Qa2 Bxb2 29. Qd5 Bf6 30. h4 Nf3+ 31. Bxf3 exf3 32. Qxd3 Rxd2 33. Qxf3 Bg4 34. Qf4 Qxf4 0-1

[Event "*** Titled Tuesday Blitz"]
[Site "Chess.com"]
[Date "2021.02.09"]
[Round "11"]
[White "eduardoperalta"]
[Black "GM_Huschenbeth"]
[Result "0-1"]
[WhiteElo "2420"]
[BlackElo "2620"]
[TimeControl "180+1"]
[EndTime "12:07:25 PST"]
[Termination "GM_Huschenbeth won by checkmate"]

1. d4 Nf6 2. c4 e6 3. Nf3 d5 4.
e3 Be7 5. Bd3 O-O 6. O-O b6 7. b3 Bb7 8. Bb2 Nbd7 9. Nc3 c5 10.
Qe2 dxc4 11. bxc4 cxd4 12. exd4 Rc8 13. Rad1 Re8 14. Rfe1 Qc7 15. Nb5 Qb8 16. Ne5 Qa8 17. f4 Bb4 18. Rf1 Nf8 19. a3 Be7 20. Rde1 a6 21.
Nc3 Rcd8 22. Nd1 g6 23. Ne3 Be4 24. N3g4 Bxd3 25. Qxd3 Nxg4 26. Nxg4 h5 27. Ne5 b5 28. cxb5 axb5 29. f5 exf5 30. Qg3 Qc8 31. Rc1 Qe6 32.
Rc6 Rd6 33. Rc7 Rc8 34. Rfc1 Rxc7 35. Rxc7 Nd7 36. Rc8+ Kh7 37. d5 Rxd5 38. Nxd7 Rd1+ 39. Kf2 Qe1+ 40. Kf3 Rd3+ 41. Kf4 Qe4# 0-1

[Event "*** Titled Tuesday Blitz"]
[Site "Chess.com"]
[Date "2021.02.09"]
[Round "11"]
[White "verdest"]
[Black "Evgeny81"]
[Result "0-1"]
[WhiteElo "2522"]
[BlackElo "2752"]
[TimeControl "180+1"]
[EndTime "12:07:26 PST"]
[Termination "Evgeny81 won by resignation"]

1. d4 d5 2. c4 c6 3. Nf3 Nf6 4. Qb3 e6 5. g3 Be7 6. Bg2 O-O 7. O-O Nbd7 8. Nc3 b6 9. Rd1 Ba6 10.
cxd5 cxd5 11. Bf4 Qc8 12. Rac1 Qb7 13. Nb5 Bxb5 14. Qxb5 Rfc8 15. h3 a6 16. Qd3 Rxc1 17.
Rxc1 Rc8 18. Rxc8+ Qxc8 19. Ne5 h6 20. Nxd7 Nxd7 21.
g4 b5 22. e3 Nb6 23. Bg3 Qc1+ 24. Kh2 Qxb2 25. e4 dxe4 26. Qxe4 Nd5 27. Qe5 Nf6 28. Qb8+ Kh7 29. Qb7 Qa3 30. Be5 Kg8 31. Qa8+ Bf8 32.
Bxf6 gxf6 33. Qe4 Qxa2 34. Qf4 Kg7 35. h4 Qa3 36. Kh1 Bd6 37. Qe4 Qc1+ 0-1

[Event "*** Titled Tuesday Blitz"]
[Site "Chess.com"]
[Date "2021.02.09"]
[Round "11"]
[White "Artem_Sadovsky"]
[Black "QuintilianoR"]
[Result "1-0"]
[WhiteElo "2558"]
[BlackElo "2665"]
[TimeControl "180+1"]
[EndTime "12:07:26 PST"]
[Termination "Artem_Sadovsky won by resignation"]

1. Nf3 Nf6 2. c4 e6 3. b3 d5 4. Bb2 Be7 5. g3 O-O 6. Bg2 c5 7. O-O Nc6 8. cxd5 exd5 9. d4 Ne4 10. dxc5 Bxc5 11. Nc3 Nxc3 12. Bxc3 d4 13. Bb2 Bf5 14. Rc1 Qd6 15. Qd2 Rad8 16. Qg5 g6 17. Qh6 f6 18. Nh4 Bc8 19. Nxg6 hxg6 20. Qxg6+ Kh8 21. Qh6+ Kg8 22. Qg6+ Kh8 23. Qh5+ Kg7 24. Qxc5 Qxc5 25. Rxc5 Rfe8 26. Bxc6 bxc6 27. Rxc6 Rxe2 28. Bxd4 Rxd4 29. Rxc8 Rxa2 30. Rb8 Rdd2 31. h4 Rdb2 32. Kg2 Kg6 33. g4 f5 34. g5 Kh5 35. Rh8+ Kg6 36. Rg8+ Kf7 37. Rb8 Kg6 38. Kg3 Ra3 39. f3 Raxb3 40. Rxb3 Rxb3 41. Ra1 Kh5 42. Rxa7 f4+ 43. Kxf4 Rb4+ 44.
Kg3 1-0

[Event "*** Titled Tuesday Blitz"]
[Site "Chess.com"]
[Date "2021.02.09"]
[Round "11"]
[White "LilRag"]
[Black "queen_iryna"]
[Result "0-1"]
[WhiteElo "2589"]
[BlackElo "2388"]
[TimeControl "180+1"]
[EndTime "12:07:27 PST"]
[Termination "queen_iryna won by resignation"]

1. Nf3 d5 2. e3 Nf6 3. b3 c6 4. Bb2 Bg4 5. Be2 Nbd7 6. O-O e6 7. c4 Be7 8. Nc3 O-O 9. Rc1 h6 10. d4 Bd6 11. h3 Bf5 12. cxd5 exd5 13. Bd3 Ne4 14.
Bxe4 dxe4 15. Nd2 Qe7 16. Nc4 Bc7 17. d5 Qg5 18. f4 exf3 19. Qxf3 Bd3 20. dxc6 Bxf1 21.
cxd7 Bxc4 22. bxc4 Qe5 23. Rd1 Rad8 24. Ba1 Bb6 25. Nd5 Qg5 26. g3 Kh8 27. h4 Qg6 28.
Ne7 Qe6 29. Nf5 f6 30. Rd6 Qxc4 31. Ne7 Qc1+ 32. Rd1 Qxe3+ 33. Qxe3 Bxe3+ 34. Kg2 Kh7 35. Nf5 Bb6 36. h5 Rf7 37. Re1 Rfxd7 38. Kh3 Rd1 0-1

[Event "*** Titled Tuesday Blitz"]
[Site "Chess.com"]
[Date "2021.02.09"]
[Round "11"]
[White "Gusarov91"]
[Black "stasiek18"]
[Result "1-0"]
[WhiteElo "2257"]
[BlackElo "2364"]
[TimeControl "180+1"]
[EndTime "12:07:27 PST"]
[Termination "Gusarov91 won by resignation"]

1. e4 g6 2. d4 Bg7 3. Nc3 d6 4. f4 Nf6 5. Nf3 O-O 6. e5 dxe5 7. dxe5 Qxd1+ 8. Nxd1 Nd5 9. Bc4 Nb4 10. Ne3 Be6 11. Bxe6 fxe6 12. a3 N4c6 13. g3 h6 14. h4 Nd7 15. Ke2 Nc5 16. Bd2 Ne4 17. Be1 Rad8 18. Rd1 Rxd1 19. Nxd1 g5 20. hxg5 hxg5 21. Ke3 g4 22.
Kxe4 gxf3 23. Rf1 Rd8 24. Bc3 b5 25. Ne3 a5 26. b4 axb4 27. axb4 Ra8 28. Rxf3 Ra4 29.
Kd3 Nxb4+ 30. Bxb4 Rxb4 31. Rf1 Ra4 32. Rb1 c6 33. c3 Kf7 34. Nc2 Ra2 35. Ra1 Rb2 36.
Ra7 c5 37. Ne3 Rb3 38. Kc2 c4 39. Ra2 b4 40. Nd1 bxc3 41. Nxc3 Bh6 42. Ra4 Kg6 43. Rxc4 Rb7 44. g4 Bxf4 45. Rxf4 Kg5 46. Re4 Rb5 47. Kd3 Rb2 48. Ke3 Rg2 49. Kd4 Rg1 50. Ne2 Rxg4 51.
Rxg4+ Kxg4 52. Ke4 Kg5 53. Nf4 Kg4 54. Nxe6 1-0

[Event "*** Titled Tuesday Blitz"]
[Site "Chess.com"]
[Date "2021.02.09"]
[Round "11"]
[White "Mihnea2017"]
[Black "IljaJoke"]
[Result "1-0"]
[WhiteElo "2423"]
[BlackElo "2495"]
[TimeControl "180+1"]
[EndTime "12:07:28 PST"]
[Termination "Mihnea2017 won by resignation"]

1. e4 e5 2. Nf3 Nf6 3. Nxe5 Nc6 4.
Nxc6 dxc6 5. d3 Bc5 6. Be2 h5 7.
c3 Ng4 8. d4 Qh4 9. g3 Qf6 10.
Bf3 Bb6 11. Nd2 Be6 12. h3 Nxf2 13. Kxf2 g5 14. Kg2 O-O-O 15. e5 Qg6 16. Be4 f5 17.
exf6 Qxf6 18. Qf3 Qg7 19. Bf5 Bxf5 20. Qxf5+ Kb8 21. Nf3 g4 22. hxg4 hxg4 23. Ne5 Rxh1 24. Kxh1 Rh8+ 25. Kg2 Qg8 26. Nd7+ Ka8 27. Bf4 Qc4 28. Re1 Qxa2 29. Qe5 a5 30. Qxh8+ Ka7 31. Qb8+ Ka6 32. Re2 Qb1 33. Nxb6 cxb6 34. Qe5 b5 35.
Qe4 a4 1-0

[Event "*** Titled Tuesday Blitz"]
[Site "Chess.com"]
[Date "2021.02.09"]
[Round "11"]
[White "WPWPWP-2015"]
[Black "Piotrek1979"]
[Result "0-1"]
[WhiteElo "2477"]
[BlackElo "2401"]
[TimeControl "180+1"]
[EndTime "12:07:28 PST"]
[Termination "Piotrek1979 won by resignation"]

1. d4 Nf6 2. c4 g6 3. Nc3 Bg7 4. e4 O-O 5. Nf3 d6 6. Be2 Nbd7 7. O-O e5 8. h3 exd4 9. Nxd4 Re8 10. Bd3 Nc5 11. Re1 Nxd3 12. Qxd3 Nd7 13. Be3 Nc5 14. Qc2 c6 15. Rad1 Qe7 16. Bf4 Bxd4 17. Rxd4 Ne6 18. Qd2 Nxd4 19. Qxd4 Be6 20. Bxd6 Rad8 21. c5 Qh4 22.
Re3 b5 23. a3 a5 24. Ne2 Bc4 25. Ng3 Re6 26. Kh2 a4 27. Rf3 Rde8 28. Qe3 Rf6 29. e5 Rxf3 30. Qxf3 Bd5 31. Qe3 f5 32. f4 Kf7 33. Ne2 Qe1 34. Qd3 Qf2 35. Qg3 Qxe2 36. Qg5 Re6 37. h4 Qg4 38. Kg1 Qxg5 39. hxg5 Re8 40. Kf2 h6 41. g3 hxg5 0-1

[Event "*** Titled Tuesday Blitz"]
[Site "Chess.com"]
[Date "2021.02.09"]
[Round "11"]
[White "AniJak"]
[Black "zacachess"]
[Result "1-0"]
[WhiteElo "2336"]
[BlackElo "2407"]
[TimeControl "180+1"]
[EndTime "12:07:28 PST"]
[Termination "AniJak won on time"]

1. e4 c5 2. Nf3 d6 3. d4 cxd4 4. Nxd4 Nf6 5. Nc3 a6 6. h3 e6 7. g4 Nfd7 8. Bg2 Be7 9. O-O O-O 10. Be3 Nc6 11. Qd2 Qc7 12. Rad1 Rb8 13. a4 Nxd4 14.
Bxd4 Ne5 15. b3 Nc6 16. Be3 Bd7 17. Ne2 Ne5 18. f4 Ng6 19. f5 Nh4 20. Bh1 b5 21.
axb5 Bxb5 22. c4 Bc6 23. Nf4 Rxb3 24. fxe6 Bg5 25. exf7+ Rxf7 26. Nd5 Bxd5 27. Bxg5 Bxc4 28. Rxf7 Qxf7 29. Bxh4 Rxh3 30. Bf2 h6 31. Qxd6 Rf3 32. Bxf3 Qxf3 33. Qd8+ Kh7 34. Qd7 Qb3 35. Qf5+ Kh8 36. Rd8+ Bg8 37. Qd5 1-0

[Event "*** Titled Tuesday Blitz"]
[Site "Chess.com"]
[Date "2021.02.09"]
[Round "11"]
[White "Korchmar_Vasiliy"]
[Black "K_A_S_T_O_R"]
[Result "1-0"]
[WhiteElo "2616"]
[BlackElo "2783"]
[TimeControl "180+1"]
[EndTime "12:07:30 PST"]
[Termination "Korchmar_Vasiliy won by checkmate"]

1. e4 c5 2. Nf3 d6 3. d4 cxd4 4. Nxd4 Nf6 5. Nc3 a6 6. Be2 e6 7.
f4 Qc7 8. Be3 b5 9. Bf3 Bb7 10. a3 Nbd7 11. Qe2 Rc8 12. g4 h6 13. h4 Nc5 14. Bf2 Na4 15. Nxa4 bxa4 16. O-O-O Qc4 17. Rd3 e5 18. Nf5 Nxe4 19. fxe5 d5 20. Rhd1 g6 21. Bxe4 Qxe4 22. Re3 Qc4 23. Nd6+ Bxd6 24. exd6+ Kd7 25. Re7+ Kc6 26. Qd2 Rhd8 27. Qa5 Qb5 28. Rc7+ Kxd6 29.
Bg3+ Ke6 30. Qe1+ Kf6 31. Qe5# 1-0

[Event "*** Titled Tuesday Blitz"]
[Site "Chess.com"]
[Date "2021.02.09"]
[Round "11"]
[White "1977Ivan"]
[Black "Stormeman100100"]
[Result "1-0"]
[WhiteElo "2676"]
[BlackElo "2533"]
[TimeControl "180+1"]
[EndTime "12:07:32 PST"]
[Termination "1977Ivan won by resignation"]

1. e4 e5 2. Nf3 Nc6 3. Bc4 Nf6 4.
d3 Bc5 5. c3 d6 6. Bb3 a6 7.
Nbd2 Ba7 8. h3 Be6 9. Bc2 d5 10. Qe2 O-O 11. g4 d4 12. Nb3 Nd7 13. Bg5 f6 14. Bd2 Qe7 15. cxd4 exd4 16. Nh4 Nb4 17. Bb1 Bxb3 18. axb3 c5 19. Nf5 Qe6 20.
Ra3 g6 21. Nh6+ Kg7 22. h4 Rae8 23. f4 Bb8 24. h5 Qc6 25. Qh2 Rh8 26. Kd1 Qb5 27.
Qh3 Re7 28. hxg6 a5 29. Nf5+ Kf8 30. Qh6+ Ke8 31. Nxe7 Kxe7 32. Qg7+ Kd6 33. Qxh8 Nxd3 34. Qxh7 Nf2+ 35. Kc1 Nxe4 36. Re1 Qe2 37. Rxe2 1-0

[Event "*** Titled Tuesday Blitz"]
[Site "Chess.com"]
[Date "2021.02.09"]
[Round "11"]
[White "KyronGriffith"]
[Black "AlexOstrovskiy"]
[Result "0-1"]
[WhiteElo "2545"]
[BlackElo "2766"]
[TimeControl "180+1"]
[EndTime "12:07:33 PST"]
[Termination "AlexOstrovskiy won on time"]

1. e4 c6 2. d4 d5 3. Nc3 dxe4 4. Nxe4 Nf6 5. Nxf6+ gxf6 6. Nf3 Bg4 7. g3 Nd7 8.
Bg2 e6 9. O-O Bd6 10. c3 h5 11.
h4 Rg8 12. Qb3 Qc7 13. Nh2 f5 14. Bg5 f4 15. Rae1 Bf5 16. Be4 Bxe4 17. Rxe4 Rxg5 18. hxg5 O-O-O 19. Nf3 fxg3 20. g6 Nf6 21. gxf7 Nxe4 22. Qxe6+ Kb8 23. Qxe4 gxf2+ 24. Rxf2 Qxf7 25. Ne5 Qxa2 26. Nf7 Rg8+ 27. Kf1 Qa1+ 28. Ke2 Qxb2+ 29. Kf1 Qa1+ 30.
Ke2 Qa2+ 31. Ke3 Rg3+ 32. Rf3 Qxf7 33. Rxg3 Bxg3 34. Kd3 a5 0-1

[Event "*** Titled Tuesday Blitz"]
[Site "Chess.com"]
[Date "2021.02.09"]
[Round "11"]
[White "jorquerino"]
[Black "leoduarte"]
[Result "0-1"]
[WhiteElo "2280"]
[BlackElo "2375"]
[TimeControl "180+1"]
[EndTime "12:07:33 PST"]
[Termination "leoduarte won on time"]

1. e4 c5 2. Nc3 Nc6 3. g3 g6 4.
Bg2 Bg7 5. d3 d6 6. Be3 h5 7. h3 e5 8. Qd2 Nge7 9. f4 Nd4 10.
Nf3 b6 11. O-O Bb7 12. fxe5 dxe5 13. Bg5 f6 14. Be3 Qd7 15. Nh4 O-O 16. Rf2 Rad8 17. Raf1 Qe6 18. Bh6 Kh7 19. Bxg7 Kxg7 20. a3 c4 21. Nd1 b5 22. Ne3 cxd3 23. cxd3 a6 24. Rd1 Ba8 25. Qa5 Rc8 26. Kh2 Rf7 27. Nf3 Nec6 28. Qxa6 Rb8 29. Nxd4 exd4 30. Nd5 Ra7 31.
Nc7 Qd6 32. Nxb5 Rxa6 33. Nxd6 Ne5 0-1

[Event "*** Titled Tuesday Blitz"]
[Site "Chess.com"]
[Date "2021.02.09"]
[Round "11"]
[White "awesomevishesh"]
[Black "Fusikk"]
[Result "0-1"]
[WhiteElo "2498"]
[BlackElo "2630"]
[TimeControl "180+1"]
[EndTime "12:07:38 PST"]
[Termination "Fusikk won by checkmate"]

1. e4 c6 2. Nf3 d5 3. d3 Qc7 4.
Nc3 Nf6 5. g3 e5 6. Bg2 Bg4 7. O-O dxe4 8. dxe4 Nbd7 9. h3 Bh5 10.
a4 Bb4 11. Na2 Be7 12. Qe2 Nc5 13. Nc3 Ne6 14. Qc4 Bxf3 15. Bxf3 Nd4 16. Bd1 O-O 17. Ne2 Rad8 18. Nc3 Qd7 19. Kg2 b5 20. axb5 cxb5 21. Qa2 b4 22. Nd5 Nxd5 23. exd5 b3 24. cxb3 Qxd5+ 25. Kg1 Bc5 26. b4 Bb6 27. Qxd5 Rxd5 28. Be3 Rfd8 29. Kg2 Kf8 30. Ba4 f5 31. Rac1 e4 32. Rfd1 Nf3 33. Rxd5 Rxd5 34. Bf4 g5 35. Be3 Bxe3 36. fxe3 Rd2+ 37. Kf1 Rxb2 38. Rc8+ Kg7 39. Bd7 f4 40. gxf4 gxf4 41. exf4 e3 42. Re8 Rf2# 0-1

[Event "*** Titled Tuesday Blitz"]
[Site "Chess.com"]
[Date "2021.02.09"]
[Round "11"]
[White "SanQui14"]
[Black "CzechmVIII"]
[Result "0-1"]
[WhiteElo "2445"]
[BlackElo "2296"]
[TimeControl "180+1"]
[EndTime "12:07:38 PST"]
[Termination "CzechmVIII won by resignation"]

1. d4 Nf6 2. c4 c5 3. Nf3 cxd4 4. Nxd4 e5 5. Nc2 b5 6. e3 bxc4 7. Bxc4 d5 8. Bb3 Be7 9. O-O O-O 10. Nc3 Be6 11.
Qe2 Qd7 12. Rd1 Rd8 13. Ne1 Nc6 14. Nf3 Qb7 15. h3 d4 16. Bxe6 dxc3 17. Rxd8+ Rxd8 18. Bc4 e4 19. Ng5 Ne5 20. bxc3 Qc7 21. Bb3 h6 22. f4 hxg5 23. fxe5 Qxe5 24. Bb2 Bd6 25. g4 Qg3+ 26. Qg2 Qxe3+ 27. Kh1 Be5 28. Rd1 Rxd1+ 29. Bxd1 Bxc3 30. Bxc3 Qxc3 31. Kh2 Qe5+ 32. Kg1 Qf4 33. Bb3 g6 34. Qe2 Kg7 35. Kg2 Qf3+ 36. Qxf3 exf3+ 37. Kxf3 Nd7 38. Ke4 Nc5+ 39. Kd5 Nxb3 40. axb3 f5 41. gxf5 gxf5 42. b4 f4 43. Ke4 Kf6 44.
Kf3 Ke5 45. Kg4 Kd4 46. Kxg5 f3 47. h4 f2 48. h5 f1=Q 49. h6 Qf8 50. h7 Qh8 51.
Kf5 Kc4 52. Kg6 Kxb4 0-1

[Event "*** Titled Tuesday Blitz"]
[Site "Chess.com"]
[Date "2021.02.09"]
[Round "11"]
[White "enriquebutti"]
[Black "Cambek64"]
[Result "1/2-1/2"]
[WhiteElo "2198"]
[BlackElo "2343"]
[TimeControl "180+1"]
[EndTime "12:07:38 PST"]
[Termination "Game drawn - insufficient material"]

1. d4 d6 2. c4 e5 3. Nc3 exd4 4. Qxd4 Nc6 5. Qd2 g6 6. g3 Bg7 7. Nh3 Nf6 8. Bg2 Bxh3 9. Bxh3 O-O 10. Bg2 Re8 11.
O-O Qd7 12. Rb1 Ne5 13. b3 c6 14. Ba3 Rad8 15. Rbd1 Bf8 16. h3 Qc7 17. f4 Ned7 18. e4 Nc5 19. Rfe1 a5 20. Qf2 Nfd7 21. Kh2 h5 22. Bb2 Bg7 23. Rd2 Bf8 24. Red1 Qb6 25. Rxd6 Bxd6 26. Rxd6 a4 27. e5 axb3 28. axb3 Ne6 29.
Qc2 Ndc5 30. Ne4 Nxe4 31. Bxe4 Rxd6 32. exd6 Nd4 33. Qd3 c5 34. b4 Qxb4 35. Bxd4 cxd4 36. Qxd4 Rxe4 37. Qxe4 Qxd6 38. Qxb7 h4 39. Qg2 hxg3+ 40. Qxg3 Qd4 41. f5 Qxc4 42. fxg6 Qc2+ 43. Qg2 Qxg6 44. Qxg6+ fxg6 45. Kg3 Kg7 46. Kg4 Kh6 47. h4 Kg7 48. h5 gxh5+ 49. Kxh5 1/2-1/2

[Event "*** Titled Tuesday Blitz"]
[Site "Chess.com"]
[Date "2021.02.09"]
[Round "11"]
[White "agartha01"]
[Black "mikolka1985"]
[Result "0-1"]
[WhiteElo "2376"]
[BlackElo "2607"]
[TimeControl "180+1"]
[EndTime "12:07:40 PST"]
[Termination "mikolka1985 won by checkmate"]

1. d4 Nf6 2. Bf4 e6 3. e3 c5 4. c3 b6 5. Nf3 Be7 6. Nbd2 O-O 7. Bd3 cxd4 8. cxd4 Ba6 9. Bxa6 Nxa6 10. O-O d6 11. a3 Qd7 12. Rc1 Rfc8 13. Qb3 Qb7 14. Bg5 h6 15.
Bxf6 Bxf6 16. h3 Be7 17. Qd3 Nc7 18. Rc4 b5 19. Rc2 Nd5 20. Rfc1 a6 21. Nb3 Bd8 22.
e4 Nf6 23. e5 Rxc2 24. Qxc2 dxe5 25. dxe5 Nd5 26. Nc5 Qe7 27. b4 Bb6 28. Nxa6 Qa7 29. Nc5 Qxa3 30. Nd3 Rd8 31. Kh1 Ne3 32. fxe3 Qxd3 33.
Qxd3 Rxd3 34. Rc8+ Kh7 35. Rb8 Bxe3 36. Rxb5 Rd1+ 37. Kh2 g5 38. Rb7 Kg6 39. b5 Rf1 40. h4 g4 41. h5+ Kxh5 42. Rxf7 gxf3 43. gxf3 Kg5 44. Kg2 Rg1+ 45. Kh3 Rb1 46. Rf6 Rb2 47. Rxe6 Bf4 48. Rf6 Rh2# 0-1

[Event "*** Titled Tuesday Blitz"]
[Site "Chess.com"]
[Date "2021.02.09"]
[Round "11"]
[White "AttilaTurzo"]
[Black "DvaHrasta"]
[Result "1-0"]
[WhiteElo "2537"]
[BlackElo "2424"]
[TimeControl "180+1"]
[EndTime "12:07:40 PST"]
[Termination "AttilaTurzo won by checkmate"]

1. d4 Nf6 2. Nf3 e6 3. Bf4 c5 4. e3 Qb6 5. Nc3 Qxb2 6. Nb5 Na6 7. Be2 Nd5 8. O-O Nc3 9. Nxc3 Qxc3 10. d5 Nb4 11.
dxe6 fxe6 12. Ne5 Qxc2 13. Qe1 Be7 14. Rc1 Qxa2 15. Bh5+ g6 16. Nxg6 hxg6 17. Bxg6+ Kd8 18. Qxb4 b6 19. Qc3 Rf8 20. Rfd1 Bb7 21. Rd2 Qa4 22.
Rcd1 Bc6 23. Qe5 Rxf4 24. exf4 Kc8 25. f5 Kb7 26. f6 Bf8 27. f3 Qb5 28. Be4 d5 29.
Bd3 Qb4 30. Qxe6 c4 31. Bf5 Bc5+ 32. Kh1 a5 33. Rxd5 Bxd5 34. Qxd5+ Ka7 35. Be4 Rb8 36. Qd7+ Ka6 37. Qc7 Rf8 38. Bb7+ Kb5 39. Qc6# 1-0

[Event "*** Titled Tuesday Blitz"]
[Site "Chess.com"]
[Date "2021.02.09"]
[Round "11"]
[White "karinachess1"]
[Black "nrvisakh"]
[Result "0-1"]
[WhiteElo "2549"]
[BlackElo "2771"]
[TimeControl "180+1"]
[EndTime "12:07:41 PST"]
[Termination "nrvisakh won on time"]

1. d4 Nf6 2. Nf3 g6 3. g3 Bg7 4. Bg2 O-O 5. O-O d5 6. c4 dxc4 7. Qc2 a6 8. Qxc4 b5 9. Qc2 Bb7 10. Nbd2 Nc6 11. Nb3 Nb4 12. Qd1 Bd5 13. a3 Nc6 14.
Nc5 Nd7 15. Nxd7 Qxd7 16. e3 Rad8 17. Bd2 e5 18. Bc3 exd4 19. exd4 Bc4 20. Re1 Nxd4 21.
Nxd4 Bxd4 22. Qc1 Bxc3 23. Qxc3 Qd4 24. Qc2 Qd2 25. Rac1 Qxc2 26. Rxc2 Rfe8 27. Rxe8+ Rxe8 28. h3 Re1+ 29. Kh2 Re2 30. Rxe2 Bxe2 31. b4 Kf8 32. Bb7 Ke7 33. Bxa6 Kd6 34. a4 c6 35. Kg1 Kd5 36. axb5 Bxb5 37. Bc8 Kc4 38. f4 Kxb4 0-1